 Dungeon Crawl Stone Soup version 0.26.0-45-g9c1d065592 (webtiles) character file.

Game seed: 11807031402981647210

245 kaeus the Sneak (level 5, 0/30 HPs)
             Began as a Vampire Enchanter on Jan 29, 2021.
             Slain by a gnoll
             ... wielding a +0 whip
              (4 damage)
             ... on level 3 of the Dungeon.
             The game lasted 00:05:46 (2846 turns).

kaeus the Sneak (Vampire Enchanter)                 Turns: 2846, Time: 00:05:47

Health: 0/30       AC: 13    Str:  5 (7)  XL:     5   Next: 83%
Magic:  3/18       EV: 13    Int: 17 (18) God:
Gold:   104        SH:  0    Dex: 13 (15) Spells: 4/10 levels left

rFire    . . .     SeeInvis +   h - +0 dagger (protect)
rCold    + + .     Faith    .   (no shield)
rNeg     + + +     Spirit   .   l - +2 animal skin
rPois    ∞         Reflect  .   m - +1 helmet
rElec    .         Harm     .   (no cloak)
rCorr    +         Rampage  .   (no gloves)
Will     .....                  (no boots)
Stlth    +++++.....             (no amulet)
HPRegen  0.00/turn              n - ring of resist corrosion
MPRegen  0.16/turn              c - ring of magical power

@: protection aura, bloodless
A: fangs 3, see invisible, unbreathing
a: Bat Form, Revivify


You were on level 3 of the Dungeon.
You visited 1 branch of the dungeon, and saw 4 of its levels.

You collected 104 gold pieces.

Inventory:

Hand Weapons
 a - a +1 dagger
 h - a +0 dagger of protection (weapon)
Missiles
 e - 29 poisoned darts
Armour
 b - a +0 robe
 l - a +2 animal skin (worn)
 m - a +1 helmet (worn)
Jewellery
 c - a ring of magical power (right hand)
 n - a ring of resist corrosion (left hand)
Scrolls
 i - a scroll of teleportation
 j - a scroll of remove curse
Potions
 d - a potion of lignification {unknown}
 f - a potion of attraction {unknown}
 g - a potion of berserk rage {unknown}
 k - a potion of curing {unknown}


   Skills:
 + Level 1.6 Fighting
 + Level 2.7 Short Blades
 + Level 3.3 Dodging
 + Level 5.8 Stealth
 + Level 3.0 Spellcasting
 * Level 5.6 Hexes


You had 4 spell levels left.
You knew the following spells:

 Your Spells              Type           Power        Failure   Level
a - Corona                Hex            23%          1%          1
b - Ensorcelled Hibernat  Hex/Ice        24%          9%          2
c - Dazzling Flash        Conj/Hex       24%          17%         3

Your spell library contained the following spells:

 Spells                   Type           Power        Failure   Level
 Confusing Touch          Hex            21%          5%          3
 Tukima's Dance           Hex            21%          5%          3


Dungeon Overview and Level Annotations

Branches:
Dungeon (4/15)
 Temple: D:4-7

Altars:
Okawaru
Qazlal
Trog
Wu Jian
The Shining One


Innate Abilities, Weirdness & Mutations

You do not regenerate when monsters are visible.
You are frail without blood (-20% HP).
You can heal yourself when you bite living creatures.
You are immune to poison.
You have razor-sharp teeth.
You have supernaturally acute eyesight. (SInv)
You can survive without breathing.


Message History

You hit the gnoll but do no damage.
The gnoll is lightly wounded.
The gnoll hits you but does no damage.
You hit the gnoll but do no damage. Your bite misses the gnoll.
The gnoll is lightly wounded.
The gnoll barely misses you.
You hit the gnoll but do no damage.
The gnoll is lightly wounded.
You hit the gnoll.
The gnoll is moderately wounded.
The gnoll closely misses you.
You barely miss the gnoll.
The gnoll is lightly wounded.
The gnoll hits you with a +0 whip!
* * * LOW HITPOINT WARNING * * *
You take 10 damage, and have 4/30 hp.
MASSIVE DAMAGE!!
You completely miss the gnoll.
The gnoll is lightly wounded.
The gnoll hits you with a +0 whip.
You die...

.##########
....)....<#
###########.# ####
... ..# #.# #.#
########.# #.#
#......#.#####.###
##.####.#.#.......#
###...###)#.#...@g..#
...........>#..)....#
..........#.#.......#
####.######.#.).....#
.....######.#.......#
............#.......#
###########.#.......#
####.(####.###
#...)........


You could see a gnoll.

Vanquished Creatures
  Jessica (D:3)
  Terence (D:2)
  A worker ant (D:4)
  Robin (D:2)
  2 gnolls (D:3)
  6 adders
  2 oozes
  A worm (D:2)
  A dart slug (D:1)
  3 leopard geckos
  10 orcs (D:3)
  4 bats
  4 giant cockroaches
  9 goblins
  4 hobgoblins
  A quokka (D:2)
  2 ball pythons
  2 frilled lizards
  6 kobolds
  7 rats
68 creatures vanquished.

Vanquished Creatures (others)
  A plant (D:4)
1 creature vanquished.

Grand Total: 69 creatures vanquished

Notes
Turn   | Place    | Note
-------+----------+-------------------------------------------
     0 | D:1      | kaeus the Vampire Enchanter began the quest for the Orb.
     0 | D:1      | Reached XP level 1. HP: 13/13 MP: 3/3
   297 | D:1      | Reached XP level 2. HP: 15/19 MP: 5/5
   304 | D:1      | Learned a level 2 spell: Ensorcelled Hibernation
   731 | D:2      | Reached XP level 3. HP: 25/25 MP: 6/6
   844 | D:2      | Reached skill level 5 in Stealth
  1013 | D:2      | Noticed Robin
  1056 | D:2      | Killed Robin
  1057 | D:2      | Reached skill level 1 in Fighting
  1057 | D:2      | Reached XP level 4. HP: 19/32 MP: 7/7
  1277 | D:2      | Noticed Terence
  1286 | D:2      | Killed Terence
  1287 | D:2      | Reached skill level 5 in Hexes
  1569 | D:4      | Found an ornate altar of the Wu Jian Council.
  1740 | D:4      | Found a stormy altar of Qazlal.
  1779 | D:4      | Noticed a phantom
  1837 | D:4      | Reached XP level 5. HP: 37/37 MP: 9/9
  2061 | D:4      | Found an iron altar of Okawaru.
  2061 | D:4      | Found a glowing golden altar of the Shining One.
  2062 | D:4      | Found a bloodstained altar of Trog.
  2393 | D:3      | Learned a level 3 spell: Dazzling Flash
  2531 | D:3      | Noticed Jessica
  2540 | D:3      | Killed Jessica
  2846 | D:3      | Slain by a gnoll

Illustrated notes

Levels and vault maps discovered:
D:1:      zelgadis_glass_arrival_small, layout_rooms, minmay_cupped
D:2:      layout_loops_ring, roderic_serpentine_path, uniq_terence, uniq_robin
D:3:      layout_basic, uniq_jessica
D:4:      layout_loops_corners, gammafunk_temple_overflow_claw,
          nzn_wu_jian_contemplation, nicolae_qazlal_general_emergency,
          corexii_shack

Skill      XL: |  1  2  3  4  5 |
---------------+----------------+-----
Stealth        | 5 |  5.8
Fighting       | 1 |  1.6
Short Blades   | 2 |  2.7
Hexes          | 5 |  5.6
Dodging        | 3 |  3.3
Spellcasting   | 3 |  3.0

Action                   |  1- 3 |  4- 6 || total
-------------------------+-------+-------++-------
Melee: Dagger            |   129 |   168 ||   297
       Bite              |     8 |    11 ||    19
 Cast: Ensorcelled Hiber |     2 |    28 ||    30
 Abil: End Transformatio |       |     1 ||     1
       Bat Form          |       |     1 ||     1
       Exsanguinate      |       |     1 ||     1
  Use: Scroll            |     1 |     5 ||     6
 Stab: Sleeping          |     5 |    19 ||    24
Armor: Robe              |    22 |     1 ||    23
       Animal skin       |       |    51 ||    51
Dodge: Dodged            |    81 |    94 ||   175
